 Dungeon Crawl Stone Soup version 0.21-a0-394-gdc75ea7 (webtiles) character file.

423 Pandastyle the Purveyor of Pain (level 6, -1/43 HPs)
             Began as a Mummy Necromancer on Oct 18, 2017.
             Was an Initiate of Kikubaaqudgha.
             Slain by Prince Ribbit (15 damage)
             ... on level 5 of the Dungeon.
             The game lasted 00:08:58 (4545 turns).

Pandastyle the Purveyor of Pain (Mummy Necromancer) Turns: 4545, Time: 00:08:59

Health: -1/43      AC:  5    Str: 12    XL:     6   Next: 63%
Magic:  8/13       EV: 12    Int: 16    God:    Kikubaaqudgha [......]
Gold:   247        SH:  0    Dex: 12    Spells: 1/14 levels left

rFire    . . .     SeeInvis .   f - +3 short sword (flame)
rCold    . . .     Gourm    +   (no shield)
rNeg     + + +     Faith    .   a - +0 robe
rPois    ∞         Spirit   .   (no helmet)
rElec    .         Reflect  .   (no cloak)
rCorr    +         Harm     .   (no gloves)
MR       .....                  g - +2 pair of boots
Stlth    ++........             h - amulet of the gourmand
HPRegen  0.14/turn              c - ring of resist corrosion
MPRegen  0.13/turn              n - ring of fire

@: very slightly contaminated
A: no food or potions, fire vulnerability, cold resistance 1, negative energy
resistance 3, torment resistance, unbreathing
a: Renounce Religion


You were on level 5 of the Dungeon.
You worshipped Kikubaaqudgha.
Kikubaaqudgha was noncommittal.
You were not hungry.

You visited 2 branches of the dungeon, and saw 6 of its levels.

You collected 247 gold pieces.

Inventory:

Hand Weapons
 e - a +0 short sword
 f - a +3 short sword of flaming (weapon)
 j - a +0 great sword
 k - a +0 hunting sling
 l - a +1 mace of venom
Missiles
 d - 110 stones (quivered)
 o - 5 javelins
Armour
 a - a +0 robe (worn)
 g - a +2 pair of boots (worn)
 s - a +0 buckler
Jewellery
 c - a ring of resist corrosion (left hand)
 h - an amulet of the gourmand (around neck)
 n - a ring of fire (right hand)
 p - an uncursed ring of ice
 q - an uncursed ring of magical power {unknown}
Wands
 u - a wand of lightning (10/15)
Scrolls
 i - a scroll of enchant weapon
 m - a scroll of identify
 r - 2 scrolls of noise {unknown}
Books
 b - a book of Necromancy

   Spells                             Type                      Level
   a - Pain                           Necromancy                   1
   b - Animate Skeleton               Necromancy                   1
   c - Vampiric Draining              Necromancy                   3
   d - Regeneration                   Charms/Necromancy            3
   e - Animate Dead                   Necromancy                   4
   f - Control Undead                 Necromancy                   4


   Skills:
 + Level 1.3 Fighting
 + Level 1.1 Short Blades
 - Level 1.5 Dodging
 - Level 1.5 Stealth
 - Level 4.8 Spellcasting
 * Level 6.8 Necromancy


You had one spell level left.
You knew the following spells:

 Your Spells              Type           Power        Failure   Level  Hunger
a - Pain                  Necr           ####         1%          1    N/A
b - Animate Skeleton      Necr           N/A          1%          1    N/A
c - Vampiric Draining     Necr           ####......   2%          3    N/A
d - Animate Dead          Necr           N/A          9%          4    N/A
e - Control Undead        Necr           ####......   9%          4    N/A

Dungeon Overview and Level Annotations

Branches:
Dungeon (5/15)             Temple (1/1) D:4

Altars:
Ashenzari
Dithmenos
Elyvilon
Gozag
Kikubaaqudgha
Makhleb
Nemelex Xobeh
Qazlal
Ru
Sif Muna
Trog
Wu Jian
Xom
Yredelemnul
Zin

Annotations:
D:5 Prince Ribbit


Innate Abilities, Weirdness & Mutations

You do not eat or drink.
Your flesh is vulnerable to fire.
You are immune to poison.
Your flesh is cold resistant. (rC+)
You are immune to negative energy. (rN+++)
You are immune to unholy pain and torment.
You can survive without breathing.


Message History

Prince Ribbit misses you.
Casting: Pain
Confirm with . or Enter, or press ? or * to list all spells.
Aiming: Pain
Press: ? - help, Shift-Dir - straight line, f/p - Prince Ribbit
Aim: Prince Ribbit (lightly wounded, chance to defeat MR: 71%) Prince Ribbit writhes in agony!
Prince Ribbit hits you.
Casting: Pain
Confirm with . or Enter, or press ? or * to list all spells.
Aiming: Vampiric Draining
Press: ? - help, Shift-Dir - straight line, f/p - Prince Ribbit
Aim: Prince Ribbit (moderately wounded)
You miscast Vampiric Draining.
You are very lightly contaminated with residual magic.
The world around you seems to dim momentarily.
Prince Ribbit hits you! Prince Ribbit barely misses you.
Found 9 stones.
Prince Ribbit hits you!
You die...
Kikubaaqudgha rasps: "You have failed me!
Welcome... oblivion!"

.. .. . .#
#. .###
#.#####...
...#...#
####.#.#.###
#..@F......#
#..#....##..
#(#####<# ##
#.# ...
##.## #.#
#.. #.#


You could see Prince Ribbit.

Vanquished Creatures
  An ogre (D:4)
  A scorpion (D:4)
  A hound (D:4)
  An iguana (D:4)
  2 worker ants (D:4)
  A hound skeleton (D:4)
  10 adders
  An ooze (D:1)
  2 worms (D:4)
  5 leopard geckos
  5 orcs
  2 bats
  3 giant cockroaches (D:1)
  10 goblins
  7 hobgoblins
  2 jackals (D:3)
  3 quokkas
  3 ball pythons
  5 frilled lizards
  7 kobolds
  13 rats
85 creatures vanquished.

Vanquished Creatures (others)
  A quokka (D:2)
1 creature vanquished.

Grand Total: 86 creatures vanquished

Notes
Turn   | Place    | Note
-------+----------+-------------------------------------------
     0 | D:1      | Pandastyle the Mummy Necromancer began the quest for the Orb.
     0 | D:1      | Reached XP level 1. HP: 13/13 MP: 4/4
   258 | D:1      | Reached XP level 2. HP: 19/19 MP: 4/6
   798 | D:1      | Reached XP level 3. HP: 24/24 MP: 5/7
  1462 | D:2      | Found a white marble altar of Elyvilon.
  1539 | D:2      | Reached skill level 5 in Necromancy
  1543 | D:2      | Found a deep blue altar of Sif Muna.
  2027 | D:3      | Learned a level 1 spell: Animate Skeleton
  2031 | D:3      | Learned a level 3 spell: Vampiric Draining
  2044 | D:3      | Reached XP level 4. HP: 30/30 MP: 5/9
  2599 | D:3      | Found a stormy altar of Qazlal.
  3145 | D:4      | Reached XP level 5. HP: 32/35 MP: 4/11
  3197 | D:4      | Learned a level 4 spell: Animate Dead
  3246 | D:4      | Reached skill level 6 in Necromancy
  3555 | D:4      | Learned a level 4 spell: Control Undead
  3574 | D:4      | Reached XP level 6. HP: 31/41 MP: 4/13
  3694 | D:4      | Reached skill level 1 in Fighting
  4021 | D:4      | Reached skill level 1 in Short Blades
  4426 | D:4      | Found a staircase to the Ecumenical Temple.
  4435 | Temple   | Entered the Ecumenical Temple
  4471 | Temple   | Became a worshipper of Kikubaaqudgha
  4534 | D:5      | Entered Level 5 of the Dungeon
  4534 | D:5      | Noticed Prince Ribbit
  4545 | D:5      | Slain by Prince Ribbit

Vault maps used:
D:1:      dpeg_arrival_signposts
D:2:      old_standard_altar, elyvilon_altar_4, first_bread, minmay_door_square,
          minmay_cupped
D:3:      nicolae_overflow_crystal_walls
D:4:      temple_hall
D:5:      serial_corexii_hall, corexii_hall_statues_i, corexii_hall_statues_s,
          corexii_hall_statues_i, corexii_hall_statues_t,
          nicolae_ossuary_entry_false_entrances,
          nicolae_dithmenos_through_a_glass_darkly, uniq_prince_ribbit1
Temple:   compressed_dpeg_circular_temple

Skill      XL: |  1  2  3  4  5  6 |
---------------+-------------------+-----
Spellcasting   | 3 4 |  4.8
Necromancy     | 5 6 |  6.8
Fighting       | 1 |  1.3
Short Blades   | 1 |  1.1
Dodging        | |  1.5
Stealth        | |  1.5

Action                   |  1- 3 |  4- 6 || total
-------------------------+-------+-------++-------
Melee: Short sword       |     5 |    13 ||    18
Throw: Stone             |     2 |       ||     2
 Cast: Pain              |    72 |   104 ||   176
       Vampiric Draining |       |     3 ||     3
       Animate Skeleton  |       |     1 ||     1
  Use: Scroll            |     4 |     6 ||    10
 Stab: Sleeping          |     1 |     1 ||     2
Armor: Robe              |     3 |     7 ||    10
Dodge: Dodged            |    18 |    31 ||    49

Table legend:
 A = Spawn XP
 B = Non-spawn XP
 C = Spawn XP percentage of total XP
 D = Spawn monster count
 E = Non-spawn monster count
 F = Spawn count percentage of total count
 G = Total turns spent on level
                    A         B        C        D         E        F      G
               +---------+---------+-------+---------+---------+-------+---------
         Total |       0 |     605 |   0.0 |       0 |      85 |   0.0 |  4545
               +---------+---------+-------+---------+---------+-------+---------
           D:1 |       0 |      44 |   0.0 |       0 |      23 |   0.0 |  1067
           D:2 |       0 |      49 |   0.0 |       0 |      17 |   0.0 |   954
           D:3 |       0 |      97 |   0.0 |       0 |      28 |   0.0 |  1086
           D:4 |       0 |     413 |   0.0 |       0 |      16 |   0.0 |  1356
           D:5 |       0 |       2 |   0.0 |       0 |       1 |   0.0 |    11
               +---------+---------+-------+---------+---------+-------+---------
